[Event "50th La Roda Open 2024"]
[Site "La Roda"]
[Date "2024.03.31"]
[Round "9.11"]
[White "Buendia Pinar, Alvaro"]
[Black "Portero Rubio, Martin"]
[Result "1/2-1/2"]
[ECO "A61"]
[WhiteElo "2331"]
[BlackElo "2067"]
[Annotator "RC"]
[PlyCount "45"]
[EventDate "2024.03.27"]
[EventType "swiss"]
[EventCountry "ESP"]
[SourceTitle "playchess.com"]
[Source "ChessBase"]
[SourceQuality "1"]
[TimeControl "5400+30"]

1. d4 Nf6 2. Nf3 e6 3. c4 c5 4. d5 d6 5. Nc3 exd5 6. cxd5 g6 7. Bf4 a6 8. Nd2 Nh5 9. Qa4+ Qd7 10. Qe4+ Be7 11. Bg5 f6 12. Bh6 f5 13. Qe3 b5 14. g4 f4 15. Bxf4 Nxf4 16. Qxf4 Qxg4 17. Qe3 Bf5 18. Nce4 O-O 19. h4 Bxe4 20. Nxe4 Qf4 21. Qxf4 Rxf4 22. Bg2 Nd7 23. h5 1/2-1/2

[Event "50th La Roda Open 2024"]
[Site "La Roda"]
[Date "2024.03.31"]
[Round "9.12"]
[White "Roquero Redondo, Miguel"]
[Black "Ramiro Ovejero, Juan Luis"]
[Result "1/2-1/2"]
[ECO "B32"]
[WhiteElo "2086"]
[BlackElo "2316"]
[Annotator "ChessBase"]
[PlyCount "31"]
[EventDate "2024.03.27"]
[EventType "swiss"]
[EventCountry "ESP"]
[SourceTitle "playchess.com"]
[Source "ChessBase"]
[SourceQuality "1"]
[TimeControl "5400+30"]

1. e4 c5 2. Nf3 Nc6 3. d4 cxd4 4. Nxd4 e5 5. Nb5 d6 6. N1c3 a6 7. Na3 b5 8. Nd5 Nge7 9. Bd3 Nxd5 10. exd5 Ne7 11. c4 g6 12. cxb5 Bg7 13. O-O O-O 14. Re1 f5 15. bxa6 Bxa6 16. Bf1 1/2-1/2

[Event "50th La Roda Open 2024"]
[Site "La Roda"]
[Date "2024.03.31"]
[Round "9.13"]
[White "Hapala, Elisabeth"]
[Black "Fernandez Barrera, Victor"]
[Result "1/2-1/2"]
[ECO "C09"]
[WhiteElo "2015"]
[BlackElo "2249"]
[Annotator "RC"]
[PlyCount "27"]
[EventDate "2024.03.27"]
[EventType "swiss"]
[EventCountry "ESP"]
[SourceTitle "playchess.com"]
[Source "ChessBase"]
[SourceQuality "1"]
[TimeControl "5400+30"]

1. e4 e6 2. d4 d5 3. Nd2 c5 4. exd5 exd5 5. Ngf3 Nc6 6. Bb5 Qe7+ 7. Be2 Qc7 8. O-O Nf6 9. Re1 cxd4 10. Nb3 Bb4 11. Bd2 Bxd2 12. Qxd2 O-O 13. Bd3 Bg4 14. Nbxd4 1/2-1/2

[Event "50th La Roda Open 2024"]
[Site "La Roda"]
[Date "2024.03.31"]
[Round "9.14"]
[White "Alvarez Serrano, Carlos"]
[Black "Liu, Meng"]
[Result "1/2-1/2"]
[ECO "A13"]
[WhiteElo "2230"]
[BlackElo "1877"]
[Annotator "RC"]
[PlyCount "45"]
[EventDate "2024.03.27"]
[EventType "swiss"]
[EventCountry "ESP"]
[SourceTitle "playchess.com"]
[Source "ChessBase"]
[SourceQuality "1"]
[TimeControl "5400+30"]

1. Nf3 Nf6 2. c4 e6 3. g3 d5 4. Bg2 dxc4 5. Qa4+ Nbd7 6. Qxc4 a6 7. Qc2 c5 8. d3 Be7 9. O-O O-O 10. Nc3 Ra7 11. Qa4 Nb6 12. Qb3 Nbd7 13. Qa4 Nb6 14. Qb3 Nbd7 15. a4 b6 16. Nd2 Bb7 17. Bxb7 Rxb7 18. Nc4 Qc7 19. Bf4 Qc6 20. e4 Rd8 21. Rad1 h6 22. f3 b5 23. axb5 1/2-1/2

[Event "50th La Roda Open 2024"]
[Site "La Roda"]
[Date "2024.03.31"]
[Round "9.15"]
[White "Sanchez Carrasco, Francisco Javier"]
[Black "Vehi Bach, Victor Manuel"]
[Result "0-1"]
[ECO "A17"]
[WhiteElo "1981"]
[BlackElo "2211"]
[Annotator "RC"]
[PlyCount "64"]
[EventDate "2024.03.27"]
[EventType "swiss"]
[EventCountry "ESP"]
[SourceTitle "playchess.com"]
[Source "ChessBase"]
[SourceQuality "1"]
[TimeControl "5400+30"]

1. c4 e6 2. Nf3 Nf6 3. Nc3 d5 4. e3 b6 5. Be2 Bb7 6. O-O Bd6 7. Nb5 Be7 8. b3 a6 9. Na3 O-O 10. Bb2 Nbd7 11. Rc1 Bd6 12. d4 Qe7 13. Nb1 Rad8 14. Qc2 c5 15. Nbd2 cxd4 16. exd4 Rc8 17. Qb1 Ne4 18. Rcd1 Nxd2 19. Rxd2 dxc4 20. bxc4 Bxf3 21. Bxf3 Rxc4 22. Be2 Ra4 23. Rd3 b5 24. Rh3 g6 25. Rd1 Nb6 26. Bc1 Nd5 27. Bh6 Rd8 28. Qb2 Bf4 29. g3 Bxh6 30. Rxh6 Qb4 31. Qc2 Nc3 32. Re1 Rxa2 0-1

[Event "50th La Roda Open 2024"]
[Site "La Roda"]
[Date "2024.03.31"]
[Round "9.16"]
[White "Juan Mas, Santiago"]
[Black "Jimenez Martinez, Jose Vicente"]
[Result "0-1"]
[ECO "E60"]
[WhiteElo "1929"]
[BlackElo "2195"]
[Annotator "ChessBase"]
[PlyCount "90"]
[EventDate "2024.03.27"]
[EventType "swiss"]
[EventCountry "ESP"]
[SourceTitle "playchess.com"]
[Source "ChessBase"]
[SourceQuality "1"]
[TimeControl "5400+30"]

1. b3 d6 2. Bb2 Nd7 3. g3 Ngf6 4. Bg2 g6 5. c4 Bg7 6. Nf3 O-O 7. d4 a6 8. O-O Rb8 9. Na3 e5 10. dxe5 Ng4 11. Qd2 Ngxe5 12. Nxe5 Nxe5 13. Rad1 Qe7 14. h3 Bf5 15. f4 Nc6 16. Bxg7 Kxg7 17. g4 Be4 18. f5 f6 19. Bxe4 Qxe4 20. Rf4 Qe5 21. Nc2 g5 22. Rf3 Rbe8 23. Re3 Qb2 24. Re6 Rxe6 25. fxe6 Qe5 26. Qe3 Re8 27. Qxe5 Nxe5 28. Nd4 Kg6 29. Kg2 Nc6 30. Kf3 Nxd4+ 31. Rxd4 Rxe6 32. e4 h5 33. Rd5 hxg4+ 34. hxg4 Kf7 35. Rd2 Re8 36. Rh2 Kg7 37. Rd2 Kg6 38. Rh2 a5 39. a4 Re7 40. Rc2 Rh7 41. Kg3 Rh1 42. Rc3 b6 43. Re3 Kf7 44. Kg2 Rb1 45. Kf2 Ke6 0-1